 Dungeon Crawl Stone Soup version 0.30.0-3-ga4e48a9924 (webtiles) character file.

Game seed: 6350204586917533788

595 lessens the Insei (level 7, -4/48 HPs)
             Began as a Demonspawn Transmuter on May 8, 2023.
             Slain by Sigmund
             ... wielding a +0 scythe
              (8 damage)
             ... on level 4 of the Dungeon.
             The game lasted 00:06:15 (3838 turns).

lessens the Insei (Demonspawn Transmuter)           Turns: 3838, Time: 00:06:16

Health: -4/48      AC:  8    Str: 12    XL:     7   Next: 16%
Magic:  10/10      EV: 12    Int: 15    God:
Gold:   172        SH:  0    Dex: 13    Spells: 4/10 levels left

rFire   . .          .
                       - Unarmed
rCold   . . .        (no shield)
rNeg    . . .        a - +0 robe
rPois   .            i - +0 helmet
rElec   .            s - +0 cloak
rCorr   .            e - +0 pair of gloves
SInv    .            (no boots)
Will    .....        (no amulet)
Stlth   +            (no ring)
HPRegen 0.28/turn    (no ring)
MPRegen 0.12/turn

%: no passive effects
@: no status effects
A: icy blue scales 2, demonic guardian 2, condensation shield, MP-powered wands
a: no special abilities


You were on level 4 of the Dungeon.
You visited 1 branch of the dungeon, and saw 4 of its levels.

You collected 172 gold pieces.

Inventory:

Missiles
 f - 39 stones
 t - 3 poisoned darts
Armour
 a - a +0 robe (worn)
 e - a +0 pair of gloves (worn)
 i - a +0 helmet (worn)
 s - a +0 cloak (worn)
Wands
 u - a wand of charming (5)
 y - a wand of flame (24)
Scrolls
 c - a scroll of amnesia {unknown}
 h - 2 scrolls of fear {unknown}
 k - 2 scrolls of identify {unknown}
 l - a scroll of teleportation {unknown}
 n - a scroll of butterflies {unknown}
 o - a scroll of fog {unknown}
 q - 2 scrolls of magic mapping {unknown}
 r - 2 scrolls of immolation {unknown}
 x - a scroll of noise {unknown}
Potions
 b - 3 potions of lignification
 d - a potion of invisibility {unknown}
 g - a potion of mutation
 j - a potion of heal wounds {unknown}
 m - a potion of degeneration {unknown}
 p - a potion of ambrosia {unknown}
 v - a potion of brilliance {unknown}
 w - a potion of might {unknown}


   Skills:
 - Level 1.0 Fighting
 - Level 1.7 Dodging
 + Level 5.6 Unarmed Combat
 - Level 2.0 Spellcasting
 + Level 5.2 Transmutations


You had 4 spell levels left.
You knew the following spells:

 Your Spells              Type           Power      Damage    Failure   Level
a - Beastly Appendage     Tmut           34%        N/A       2%          1
b - Wereblood             Tmut           17%        N/A       3%          2
c - Spider Form           Tmut/Pois      9%         N/A       22%         3

Your spell library contained the following spells:

 Spells                   Type           Power      Damage    Failure   Level
 Magic Dart               Conj           4%         1d3       22%         1
 Call Imp                 Summ           2%         N/A       32%         2
 Mephitic Cloud           Conj/Pois/Air  1%         N/A       54%         3
 Ice Form                 Ice/Tmut       9%         N/A       58%         4


Dungeon Overview and Level Annotations

Branches:
Dungeon (4/15) Zot: 20168
 Temple: D:4-7

Altars:
Vehumet

Annotations:
D:4 Sigmund


Innate Abilities, Weirdness & Mutations

You are mostly covered in icy blue scales. (AC +3)
A demonic guardian rushes to your aid.
A meltable shield of frost defends you. (SH +0)
You expend magic power (3 MP) to strengthen your wands.


Message History

Sigmund is nearby!
Sigmund points at you and mumbles some strange words.
You resist with some effort.
You barely miss Sigmund. Sigmund barely misses you.
You barely miss Sigmund. Sigmund hits you with a +0 scythe.
You hit Sigmund but do no damage. You punch Sigmund!
Sigmund is moderately wounded.
Sigmund mumbles some strange words.
Sigmund flickers and vanishes!
Deactivating autopickup; reactivate with Ctrl-A.
No target in view!
No target in view!
You miss something. Something hits you.
You closely miss something. You hit something but do no damage.
Something barely misses you.
You closely miss something. Something barely misses you.
You closely miss something. You closely miss something. Something hits you.
You hit something but do no damage. You miss something. Something hits you!
You barely miss something. Something hits you!
You hit something. You miss something. Something hits you!
You miss something. Your punch misses something. You barely miss something.
Something hits you but does no damage.
You miss something. Something hits you.
* * * LOW HITPOINT WARNING * * *
You hit something. You punch something!
You hear some strange, mumbled words.
A puff of flame appears from out of thin air!
The puff of flame hits you!
Your condensation shield dissipates!
* * * LOW HITPOINT WARNING * * *
A demonic guardian appears!
It was a potion of mutation.
You feel extremely strange.
You feel your magical essence link to the dungeon's wands.
Something hits you!
You die...

#...
#.........#
#...
#.........#
#.
#.........#
#.........#
#.........#
+...##...##
#..†######
#....#
#@...#
#....{....#
#..[##4..##
#.. #####
#. #


You could see a friendly rust devil (summoned).

Vanquished Creatures
  Pargi (D:3)
  A phantom (D:4)
  An orc priest (D:3)
  3 jellies
  Jessica (D:2)
  Terence (D:2)
  Natasha (thrice) (D:2)
  2 gnolls (D:2)
  4 adders
  4 worms
  A dart slug (D:2)
  3 orcs (D:3)
  2 ball pythons
  4 endoplasms
  2 giant cockroaches (D:1)
  3 goblins
  7 hobgoblins
  5 kobolds
  5 quokkas
  3 bats
  2 frilled lizards
  A rat (D:2)
59 creatures vanquished.

Vanquished Creatures (collateral kills)
  An orc priest (D:3)
  Ijyb (D:3)
2 creatures vanquished.

Grand Total: 61 creatures vanquished

Notes
Turn   | Place    | Note
-------+----------+-------------------------------------------
     0 | D:1      | lessens the Demonspawn Transmuter began the quest for the
                  | Orb.
     0 | D:1      | Reached XP level 1. HP: 15/15 MP: 3/3
   288 | D:1      | Gained mutation: You are partially covered in icy blue
                  | scales. (AC +2) [demonic ancestry]
   288 | D:1      | Reached XP level 2. HP: 18/21 MP: 5/5
   802 | D:2      | Noticed Terence
   863 | D:2      | Learned a level 2 spell: Wereblood
   900 | D:2      | Noticed Natasha
   908 | D:2      | Killed Natasha
   909 | D:2      | Gained mutation: A weak demonic guardian rushes to your
                  | aid. [demonic ancestry]
   909 | D:2      | Reached XP level 3. HP: 13/26 MP: 4/6
   970 | D:2      | Found a radiant altar of Vehumet.
  1231 | D:2      | Learned a level 3 spell: Spider Form
  1263 | D:2      | Gained mutation: A demonic guardian rushes to your aid.
                  | [demonic ancestry]
  1263 | D:2      | Reached XP level 4. HP: 32/32 MP: 7/7
  1300 | D:2      | Noticed Natasha
  1311 | D:2      | Killed Natasha
  1410 | D:2      | Noticed Jessica
  1425 | D:2      | Killed Jessica
  1456 | D:2      | Killed Terence
  1457 | D:2      | Gained mutation: You are mostly covered in icy blue scales.
                  | (AC +3) [demonic ancestry]
  1457 | D:2      | Reached XP level 5. HP: 9/37 MP: 8/8
  1836 | D:2      | Noticed Natasha
  1850 | D:2      | Killed Natasha
  2180 | D:3      | Noticed Pargi
  2406 | D:2      | Gained mutation: A meltable shield of frost defends you.
                  | (SH +0) [demonic ancestry]
  2406 | D:2      | Reached XP level 6. HP: 39/43 MP: 9/9
  2596 | D:3      | Noticed Ijyb
  2609 | D:3      | Killed Ijyb
  2793 | D:3      | Found a radiant altar of Vehumet.
  2846 | D:3      | Killed Pargi
  2847 | D:3      | Reached skill level 5 in Unarmed Combat
  3614 | D:4      | Reached skill level 5 in Transmutations
  3721 | D:4      | Reached XP level 7. HP: 33/48 MP: 10/10
  3815 | D:4      | Noticed Sigmund
  3838 | D:4      | Gained mutation: You expend magic power (3 MP) to
                  | strengthen your wands. [potion of mutation]
  3838 | D:4      | Slain by Sigmund

Illustrated notes

Levels and vault maps discovered:
D:1:      ncdulo_wetmaze, layout_loops_ring
D:2:      layout_basic, basic_altar, uniq_terence, uniq_natasha, uniq_jessica
D:3:      layout_loops_corners, nicolae_vehumet_radiance, zin_statuary,
          minmay_misc_feat_more_columns, chequers_serial_rivers_room_b,
          grunt_ministairs_1, chequers_serial_rivers_room_b, minivault_24,
          uniq_pargi, uniq_ijyb
D:4:      layout_gridville, ebering_ghost_disaster_area,
          kennysheep_generic_room_14, uniq_sigmund, uniq_menkaure

Skill      XL: |  1  2  3  4  5  6 |
---------------+-------------------+-----
Transmutations | 2 3 4 5 |  5.2
Unarmed Combat | 3 4 5 |  5.6
Fighting       | |  1.0
Dodging        | |  1.7
Spellcasting   | |  2.0

Action                     |  1- 3 |  4- 6 |  7- 9 || total
---------------------------+-------+-------+-------++-------
  Melee: Unarmed           |   128 |   213 |    35 ||   376
         Kick              |     4 |     9 |       ||    13
         Headbutt          |     2 |     5 |       ||     7
         Punch             |       |     4 |       ||     4
   Cast: Beastly Appendage |     6 |     3 |       ||     9
    Use: Potion            |       |       |     1 ||     1
   Stab: Sleeping          |     2 |     3 |       ||     5
 Armour: Robe              |    54 |    63 |     4 ||   121
  Dodge: Dodged            |    78 |   111 |     8 ||   197
  Block: Other             |       |    19 |     3 ||    22

Levels and vault maps discovered:
D:1:      ncdulo_wetmaze, layout_loops_ring
D:2:      layout_basic, basic_altar, uniq_terence, uniq_natasha, uniq_jessica
D:3:      layout_loops_corners, nicolae_vehumet_radiance, zin_statuary,
          minmay_misc_feat_more_columns, chequers_serial_rivers_room_b,
          grunt_ministairs_1, chequers_serial_rivers_room_b, minivault_24,
          uniq_pargi, uniq_ijyb
D:4:      layout_gridville, ebering_ghost_disaster_area,
          kennysheep_generic_room_14, uniq_sigmund, uniq_menkaure
